Map: Nightshade LE

Players

Bly

  • Race: Zerg Zerg
  • Spawn Location: 5:00

INnoVation - Winner!

  • Race: Terran Terran
  • Spawn Location: 11:00

Event: IEM Katowice 2020

VOD

https://youtu.be/H8up-1KyS1Q?t=513

Description

Time

  • Played on: Feb. 24, 2020, 12:33 p.m.
  • Length: 12:09

All games in this series

Show
View Real Time Build Order
Export as new Build Order

Bly Zerg 

Build Orders: Hatch First 

Get SALT Encoding   

  12  0:01  Drone  
  13  0:12  Overlord  
  13  0:18  Drone  
  14  0:30  Drone x2  
  16  0:47  Hatchery  
  15  0:50  Drone  
  15  0:54  Drone  
  17  0:57  Drone  
  18  1:09  Extractor  
  17  1:13  Spawning Pool  
  17  1:15  Drone  
  17  1:19  Drone  
  18  1:27  Drone  
  19  1:39  Drone  
  20  1:48  Overlord  
  20  1:59  Queen x2  
  25  2:01  Zergling x4  
  26  2:10  Drone x2  
  26  2:12  Metabolic Boost  
  28  2:21  Drone  
  28  2:22  Drone  
  30  2:33  Drone x2  
  31  2:39  Hatchery  
  30  2:46  Queen  
  32  2:53  Drone, Overlord  
  33  3:02  Drone x2  
  33  3:04  Spore Crawler  
  34  3:07  Spore Crawler  
  34  3:12  Drone x3  
  36  3:15  Overlord  
  36  3:18  Drone x3  
  41  3:28  Roach Warren  
  40  3:37  Extractor  
  40  3:38  Zergling x6  
  42  3:41  Zergling x2  
  43  3:51  Zergling x6  
  43  3:52  Zergling x4  
  48  3:57  Overlord  
  47  4:05  Overlord  
  47  4:08  Spore Crawler  
  46  4:10  Overlord  
  46  4:15  Overlord  
  46  4:16  Queen x2  
  45  4:22  Overlord  
  45  4:23  Roach x2  
  53  4:25  Roach  
  55  4:32  Roach  
  55  4:33  Roach  
  59  4:41  Roach x3  
  65  4:47  Ravager x2  
  65  4:51  Roach x2  
  71  5:00  Zergling x10  
  71  5:01  Ravager  
  77  5:10  Zergling x8  
  81  5:17  Ravager  
  82  5:27  Zergling x16  
  90  5:35  Overlord  
  90  5:42  Overlord  
  90  5:44  Overlord  
  90  5:51  Overlord  
  80  5:59  Zergling x2  
  80  6:00  Zergling x8  
  65  6:09  Drone x2  
  62  6:15  Drone x8  
  69  6:19  Drone  
  69  6:21  Burrow  
  70  6:26  Extractor, Baneling Nest  
  70  6:27  Drone  
  68  6:35  Drone x4  
  72  6:44  Drone x2  
  72  6:47  Drone x4  
  76  6:51  Extractor  
  73  6:55  Spore Crawler  
  73  7:00  Drone x5  
  74  7:06  Lair  
  76  7:09  Queen  
  76  7:14  Zergling x8  
  78  7:17  Baneling x8  
  78  7:26  Evolution Chamber, Baneling x3  
  78  7:27  Evolution Chamber  
  75  7:32  Queen  
  77  7:47  Drone x14  
  77  7:50  Overlord  
  91  8:00  Zerg Ground Armor Level 1, Zerg Melee Weapons Level 1  
  91  8:02  Extractor  
  91  8:04  Extractor, Centrifical Hooks  
  89  8:06  Extractor  
  88  8:20  Drone x4  
  88  8:21  Drone  
  88  8:22  Glial Reconstitution  
  88  8:25  Roach  
  88  8:26  Roach x2  
  99  8:28  Baneling x4  
  99  8:29  Hatchery, Baneling x2  
  98  8:51  Zergling x20, Hatchery  
  107  9:01  Baneling  
  107  9:02  Baneling  
  107  9:04  Roach x7  
  117  9:18  Zergling x10  
  117  9:19  Zergling x2  
  117  9:22  Baneling x4  
  123  9:31  Overlord x2  
  122  9:33  Overlord  
  118  9:40  Overlord x3  
  113  9:46  Baneling x3  
  113  9:50  Overlord x2  
  113  9:51  Overlord  
  111  10:08  Drone x3  
  114  10:16  Ravager x7  
  121  10:22  Zergling x18  
  125  10:37  Zergling x12  
  125  10:38  Overlord  
  127  10:44  Overlord x3  
  125  11:01  Zergling x6  
  114  11:14  Drone x3  
  114  11:15  Drone x4  
  114  11:16  Drone  
  122  11:19  Queen x2  
  122  11:24  Baneling x14  
  126  11:30  Hatchery, Infestation Pit  
  118  11:50  Zergling x8  
  118  11:51  Zergling x16  
Show
View Real Time Build Order
Export as new Build Order

INnoVation Terran - Winner!

Build Orders: Hellion Opening, Reaper Expand 

Get SALT Encoding   

  12  0:00  SCV  
  13  0:12  SCV  
  14  0:17  Supply Depot  
  14  0:24  SCV  
  15  0:38  SCV  
  15  0:41  Barracks  
  16  0:44  Refinery  
  16  0:50  SCV  
  17  1:03  SCV  
  18  1:15  SCV  
  19  1:27  Orbital Command  
  19  1:28  Reaper  
  20  1:39  Command Center  
  20  1:48  Supply Depot  
  20  1:53  SCV  
  21  1:59  Marine  
  22  2:05  SCV  
  23  2:12  Factory  
  23  2:17  SCV  
  23  2:21  Barracks Reactor  
  24  2:29  SCV  
  25  2:40  Command Center  
  25  2:41  SCV  
  26  2:51  Orbital Command  
  26  2:54  SCV  
  27  2:59  Starport  
  27  3:05  Refinery  
  27  3:06  SCV  
  27  3:10  Hellion  
  30  3:14  Hellion  
  30  3:18  SCV x2  
  34  3:20  Barracks Tech Lab  
  34  3:30  SCV x2  
  34  3:33  Hellion  
  38  3:35  Hellion  
  38  3:38  Viking  
  42  3:42  SCV  
  42  3:44  SCV  
  44  3:48  Barracks Tech Lab  
  44  3:57  SCV, Hellion x2  
  48  4:04  Orbital Command  
  48  4:10  Marine, Stimpack  
  48  4:13  Starport Reactor  
  48  4:14  SCV x2  
  50  4:23  Supply Depot  
  50  4:27  Barracks  
  50  4:28  Marine, Siege Tank  
  50  4:30  SCV  
  50  4:31  SCV  
  56  4:33  SCV  
  57  4:38  Supply Depot  
  57  4:45  Bunker, Barracks  
  57  4:46  Marine  
  57  4:49  Bunker  
  58  4:57  SCV x2  
  58  4:58  SCV  
  61  5:00  Siege Tank  
  61  5:03  Supply Depot  
  61  5:04  Marine  
  65  5:09  SCV  
  65  5:10  SCV x2  
  65  5:12  Starport Reactor  
  68  5:16  Marine  
  68  5:17  Marine  
  68  5:20  Supply Depot x2  
  70  5:21  Marine  
  71  5:33  Supply Depot, Siege Tank  
  71  5:34  Marine x2  
  76  5:37  SCV  
  76  5:38  SCV  
  76  5:39  Marine  
  76  5:46  Marine x2, Supply Depot  
  76  5:47  Supply Depot  
  76  5:52  Marine x2  
  76  5:57  Marine  
  76  6:04  Marine x2  
  73  6:05  Siege Tank  
  73  6:10  Marine x2  
  73  6:12  SCV x3  
  73  6:16  Marine  
  77  6:21  Marine  
  77  6:23  Refinery  
  77  6:24  Combat Shield  
  78  6:26  SCV  
  78  6:27  SCV  
  78  6:28  SCV  
  81  6:34  Marine x3  
  81  6:38  Supply Depot  
  84  6:40  SCV x2  
  84  6:47  Engineering Bay x2  
  86  6:52  SCV x2  
  59  6:54  Orbital Command  
  91  6:56  Medivac x2  
  84  7:03  Marine x3  
  84  7:04  Marine x2, SCV  
  84  7:05  SCV  
  94  7:09  Refinery  
  94  7:16  Supply Depot  
  94  7:17  SCV x2, Terran Infantry Weapons Level 1, Terran Infantry Armor Level 1  
  94  7:19  Supply Depot  
  94  7:20  SCV  
  94  7:22  Marine x5  
  98  7:29  SCV x2  
  101  7:33  SCV  
  101  7:37  Siege Tank  
  105  7:39  Marine  
  105  7:40  Marine x3  
  105  7:41  SCV x2  
  105  7:42  Medivac, Supply Depot  
  112  7:45  SCV, Supply Depot  
  112  7:50  Marine  
  113  7:54  Medivac  
  113  7:55  Supply Depot  
  113  7:57  Marine x2  
  113  7:58  Marine x2  
  119  7:59  Supply Depot  
  119  8:00  SCV x3  
  122  8:06  Supply Depot  
  122  8:08  Supply Depot  
  122  8:12  SCV x2  
  124  8:13  SCV  
  124  8:20  Barracks  
  124  8:21  Barracks  
  124  8:28  Marine x4  
  124  8:29  Marine  
  124  8:30  SCV x2, Siege Tank  
  124  8:31  SCV  
  135  8:34  Armory  
  135  8:40  Medivac x2  
  139  8:47  Refinery  
  139  8:51  Barracks  
  139  8:52  Barracks  
  139  8:55  Barracks  
  139  9:03  Siege Tank  
  139  9:06  Marine  
  139  9:07  Marine x3, Marauder  
  148  9:10  Barracks Reactor x2  
  148  9:20  Missile Turret  
  148  9:24  Marine x3, Terran Infantry Weapons Level 2, Terran Infantry Armor Level 2  
  151  9:35  Marine, Marauder  
  151  9:38  Siege Tank  
  153  9:42  Marine x3  
  156  9:50  Command Center  
  156  9:52  Barracks Reactor x3  
  154  9:53  Marine x5  
  154  9:56  Marine  
  160  10:00  Sensor Tower, Medivac  
  162  10:08  Marine x3  
  162  10:12  Concussive Shells  
  165  10:15  Terran Vehicle And Ship Armor Level 1  
  165  10:20  Supply Depot  
  165  10:25  Marine x2, Supply Depot  
  165  10:26  Supply Depot  
  165  10:38  Marine  
  165  10:39  Marine x2  
  165  10:41  Marine x2, Medivac x2  
  165  10:42  Marauder  
  173  10:46  Marine x5, Siege Tank  
  173  10:47  Marine, Supply Depot  
  173  10:48  Marine  
  173  10:49  Marine  
  183  10:58  Marine x4  
  183  10:59  Marine x2  
  183  11:02  Marine  
  188  11:12  Marine  
  188  11:13  Marine x7  
  188  11:14  Medivac  
  188  11:16  Marine x2  
  200  11:33  Planetary Fortress  
  200  11:37  Sensor Tower  
  192  11:49  Marine x7  

Tags
 
Add a new tag
Caveats
  • Supply blocks, unpowered buildings, or Contaminate may cause inaccurate times.
  • Supply counts are checked every 10 seconds.